 Dungeon Crawl Stone Soup version 0.23-a0-49-gd9f7a49 (webtiles) character file.

42 mhoghedin the Sneak (level 3, -8/20 HPs)
             Began as a Kobold Wizard on Aug 7, 2018.
             Killed from afar by Natasha (10 damage)
             ... with a wand of flame (7)
             ... on level 2 of the Dungeon.
             The game lasted 00:03:20 (1198 turns).

mhoghedin the Sneak (Kobold Wizard)                 Turns: 1198, Time: 00:03:21

Health: -8/20      AC:  2    Str:  4    XL:     3   Next: 77%
Magic:  1/7        EV: 15    Int: 28    God:
Gold:   36         SH:  0    Dex: 13    Spells: 0/8 levels left

rFire    . . .     SeeInvis .   j - +0 dagger (venom)
rCold    . . .     Gourm    .   (shield restricted)
rNeg     . . .     Faith    .   a - +0 robe
rPois    .         Spirit   .   b - +0 hat
rElec    .         Reflect  .   (no cloak)
rCorr    .         Harm     .   (no gloves)
MR       .....                  (no boots)
Stlth    ++........             (no amulet)
HPRegen  0.06/turn              i - +3 ring of intelligence
MPRegen  0.10/turn              (no ring)

@: brilliant, flying
A: small, hooves 1, carnivore, evolution 1
a: no special abilities


You were on level 2 of the Dungeon.
You were not hungry.

You visited 1 branch of the dungeon, and saw 2 of its levels.

You collected 36 gold pieces.

Inventory:

Hand Weapons
 j - a +0 dagger of venom (weapon)
   (You found it on level 1 of the Dungeon)
Armour
 a - a +0 robe (worn)
 b - a +0 hat (worn)
Jewellery
 i - a +3 ring of intelligence (left hand)
   (You found it on level 1 of the Dungeon)
Scrolls
 c - a scroll of enchant armour {unknown}
 g - 3 scrolls of remove curse {unknown}
Potions
 e - a potion of haste {unknown}
 l - a potion of curing {unknown}
 m - a potion of berserk rage {unknown}
Comestibles
 d - 2 rations


   Skills:
 + Level 1.5 Fighting
 + Level 1.3 Short Blades
 + Level 3.2 Dodging
 + Level 3.6 Stealth
 - Level 3.2 Spellcasting
 - Level 1.0 Conjurations
 - Level 1.0 Summonings
 - Level 1.0 Translocations


You couldn't memorise any spells.
You knew the following spells:

 Your Spells              Type           Power        Failure   Level  Hunger
a - Magic Dart            Conj           ####         1%          1    None
b - Blink                 Tloc           N/A          1%          2    #......
c - Call Imp              Summ           ####....     1%          2    #......
x - Mephitic Cloud        Conj/Pois/Air  ###.....     2%          3    ##.....

Your spell library contained the following spells:

 Spells                   Type           Power        Failure   Level  Hunger
 Conjure Flame            Conj/Fire      ###.....     2%          3    ##.....
 Slow                     Hex            ###.....     1%          2    #......


Dungeon Overview and Level Annotations

Branches:
Dungeon (2/15)

Altars:

Annotations:
D:2 Natasha


Innate Abilities, Weirdness & Mutations

You are small and have problems with some larger weapons.
You are carnivorous and can eat meat at any time.
You have large cloven feet.
You evolve.


Message History

Aim: Natasha (severely wounded, poisoned)
The magic dart hits Natasha.
You kill Natasha!
Natasha screams in fury as she dies!
Your Short Blades skill increases to level 1!
Your Dodging skill increases to level 3!
You have reached level 3!
Your experience leads to an increase in your attributes!
Your base attributes are Str 4, Int 19, Dex 13.
Increase (S)trength, (I)ntelligence, or (D)exterity?
You feel clever.
You regained 3 hp, and now have 15/20 hp.
You now have 5/7 mp.
You start resting.
A leopard gecko appears from thin air!
No target in view!
No target in view!
No target in view!
MP restored: 7
There is an open door here.
You barely miss the leopard gecko.
The leopard gecko hisses angrily.
The leopard gecko misses you. The leopard gecko closely misses you.
You barely miss the leopard gecko. The leopard gecko bites you.
You take 1 damage, and have 16/20 hp.
You barely miss the leopard gecko.
The leopard gecko completely misses you.
You barely miss the leopard gecko. The leopard gecko closely misses you.
Aim: a leopard gecko (clinging)
The magic dart hits the leopard gecko.
The leopard gecko misses you.
You now have 6/7 mp.
Aim: a leopard gecko (moderately wounded, clinging)
The magic dart hits the leopard gecko.
The leopard gecko bites you.
You take 4 damage, and have 12/20 hp.
You now have 5/7 mp.
Aim: a leopard gecko (almost dead, clinging)
The magic dart hits the leopard gecko.
You kill the leopard gecko!
You now have 4/7 mp.
You see here a leopard gecko corpse.
You butcher the leopard gecko corpse.
n - 2 chunks of flesh {@w0} You see here a leopard gecko skeleton.
You start resting.
Eating one of 2 chunks of flesh {@w0}.
You eat one of the 2 chunks of flesh {@w0}.
This raw flesh tastes great.
Eating a chunk of flesh {@w0}.
You eat the chunk of flesh {@w0}.
This raw flesh tastes great.
Health restored: 20; MP restored: 7 Memorise Mephitic Cloud, consuming 3 spell levels and leaving 0?
You start memorising the spell.
You continue memorising. x3
You finish memorising.
Spell assigned to 'x'.
There is an open door here.
g - 3 scrolls labeled ITEUPERPHAG (gained 1) Natasha, Servant of Life and Death comes into view.
A beastly little devil appears in a puff of frigid air.
Natasha hisses angrily.
Natasha zaps a wand.
The puff of flame hits you!
Ouch! That really hurt!
It is a wand of flame (10).
You take 10 damage, and have 10/20 hp.
MASSIVE DAMAGE!!
You now have 5/7 mp.
Natasha zaps a wand.
The puff of flame misses you.
You see here a robe.
You start resting.
Natasha is too close now for your liking.
Okay, then.
Unknown command.
Aim: Natasha, carrying a wand of flame (9)
The ball explodes into a vile cloud!
The stinking cloud engulfs Natasha.
Natasha is engulfed in noxious fumes.
Natasha zaps a wand.
The puff of flame hits you!
You take 1 damage, and have 10/20 hp.
You now have 2/7 mp.
You swap places.
You don't have enough magic to cast that spell.
Unknown command.
It was a potion of mutation.
You feel extremely strange.
You feel nature experimenting on you.
Don't worry, failures die fast.
Your feet thicken and deform.
It was a potion of brilliance.
You feel clever all of a sudden.
Natasha zaps a wand.
The puff of flame hits you!
* * * LOW HITPOINT WARNING * * *
You take 8 damage, and have 2/20 hp.
MASSIVE DAMAGE!!
A beastly little devil appears in a puff of frigid air.
Natasha misses you.
Your white imp hits Natasha.
Your white imp freezes Natasha.
You now have 1/7 mp.
It was a potion of flight.
You feel very buoyant.
You fly up into the air.
Natasha zaps a wand.
The puff of flame hits you!
Ouch! That really hurt!
You die...

#.#....# ###.#.##.# .
......#.#+## #.#
#.#.##?...#
...!#####>........+
#.................#
##....5.......#+##
........h5..##.#.###.#
......###@............
........[...##.#.#.##.
#####............#.#
##########'###.#
.......<...รท#
######....### #....+
#....# #....#


You could see Natasha and 2 friendly white imps.

Vanquished Creatures
  Natasha (D:2)
  An ooze (D:1)
  A leopard gecko (D:2)
  A giant cockroach (D:1)
  3 goblins (D:1)
  2 hobgoblins (D:1)
  A kobold (D:1)
10 creatures vanquished.

Notes
Turn   | Place    | Note
-------+----------+-------------------------------------------
     0 | D:1      | mhoghedin the Kobold Wizard began the quest for the Orb.
     0 | D:1      | Reached XP level 1. HP: 10/10 MP: 4/4
   263 | D:1      | Reached skill level 3 in Stealth
   312 | D:1      | Reached XP level 2. HP: 6/16 MP: 0/6
   508 | D:1      | Learned a level 2 spell: Blink
   511 | D:1      | Learned a level 2 spell: Call Imp
   616 | D:1      | Reached skill level 1 in Fighting
  1005 | D:2      | Noticed Natasha
  1015 | D:2      | Killed Natasha
  1015 | D:2      | Reached skill level 1 in Short Blades
  1015 | D:2      | Reached skill level 3 in Dodging
  1015 | D:2      | Reached XP level 3. HP: 15/20 MP: 5/7
  1176 | D:2      | Learned a level 3 spell: Mephitic Cloud
  1186 | D:2      | Noticed Natasha
  1195 | D:2      | Gained mutation: You evolve. [potion of mutation]
  1195 | D:2      | Gained mutation: You have large cloven feet. [potion of mutation]
  1196 | D:2      | HP: 2/20 [Natasha/wand of flame (8) (8)]
  1198 | D:2      | Killed from afar by Natasha

Vault maps used:
D:1:      dpeg_arrival_short_road, serial_curves, eino_curves_04,
          eino_curves_04, eino_curves_04
D:2:      fountainhead, uniq_sigmund, uniq_natasha

Skill      XL: |  1  2 |
---------------+-------+-----
Stealth        | 3 |  3.6
Fighting       | 1 |  1.5
Short Blades   | 1 |  1.3
Dodging        | 3 |  3.2
Spellcasting   | |  3.2
Conjurations   | |  1.0
Summonings     | |  1.0
Translocations | |  1.0

Action                   || total
-------------------------++-------
Melee: Unarmed           ||     3
       Club              ||     2
       Short sword       ||     6
       Dagger            ||     8
 Cast: Magic Dart        ||    26
       Call Imp          ||     2
       Mephitic Cloud    ||     1
  Use: Potion            ||     3
 Stab: Sleeping          ||     2
  Eat: Chunk             ||     2
Armor: Robe              ||     5
Dodge: Dodged            ||    29

Table legend:
 A = Spawn XP
 B = Non-spawn XP
 C = Spawn XP percentage of total XP
 D = Spawn monster count
 E = Non-spawn monster count
 F = Spawn count percentage of total count
 G = Total turns spent on level
                    A         B        C        D         E        F      G
               +---------+---------+-------+---------+---------+-------+---------
         Total |       0 |      60 |   0.0 |       0 |      10 |   0.0 |  1198
               +---------+---------+-------+---------+---------+-------+---------
           D:1 |       0 |      21 |   0.0 |       0 |       8 |   0.0 |  1002
           D:2 |       0 |      39 |   0.0 |       0 |       2 |   0.0 |   196
               +---------+---------+-------+---------+---------+-------+---------

Vault maps used:
D:1:      dpeg_arrival_short_road, serial_curves, eino_curves_04,
          eino_curves_04, eino_curves_04
D:2:      fountainhead, uniq_sigmund, uniq_natasha

Table legend:
 A = Turns spent in this place as a percentage of turns spent in the entire game.
 B = Non-inter-level travel turns spent in this place as a percentage of non-inter-level travel turns spent in the entire game.
 C = Inter-level travel turns spent in this place as a percentage of turns spent in this place.
 D = Turns resting spent in this place as a percentage of non-inter-level travel turns spent in this place.
 E = Turns spent auto-exploring this place as a percentage of non-inter-level travel turns spent in this place.
 F = Non-inter-level travel turns spent in this place divided by the number of levels of this place that you've seen.
                   A       B       C       D       E      F
               +-------+-------+-------+-------+-------+----------------------
         Total | 100.0 | 100.0 |   2.3 |  35.4 |  42.2 | 585.5
       Dungeon | 100.0 | 100.0 |   2.3 |  35.4 |  42.2 | 585.5
               +-------+-------+-------+-------+-------+----------------------

Table legend:
 A = Kills in this place as a percentage of kills in entire the game.
 B = Kills by you in this place as a percentage of kills by you in the entire game.
 C = Kills by friends in this place as a percentage of kills by friends in the entire game.
 D = Other kills in this place as a percentage of other kills in the entire game.
 E = Experience gained in this place as a percentage of experience gained in the entire game.
 F = Experience gained in this place divided by the number of levels of this place that you have seen.
                   A       B       C       D       E      F
               +-------+-------+-------+-------+-------+----------------------
         Total | 100.0 | 100.0 |   N/A |   N/A | 100.0 |  30.0
       Dungeon | 100.0 | 100.0 |   N/A |   N/A | 100.0 |  30.0
               +-------+-------+-------+-------+-------+----------------------
